 Dungeon Crawl Stone Soup version 0.24-a0-92-g7d8ec57 (webtiles) character file.

Game seed: 4163442784919548142

398 MalarOregon the Chiller (level 6, 0/41 HPs)
             Began as a Merfolk Ice Elementalist on Feb 9, 2019.
             Succumbed to a worker ant's poison
             ... on level 4 of the Dungeon.
             The game lasted 00:11:37 (4191 turns).

MalarOregon the Chiller (Merfolk Ice Elementalist)  Turns: 4191, Time: 00:11:37

Health: 0/41       AC:  3    Str: 12 (13) XL:     6   Next: 83%
Magic:  12/12      EV: 13    Int: 13 (16) God:
Gold:   174        SH:  7    Dex: 14 (15) Spells: 6/13 levels left

rFire    . . .     SeeInvis .   p - +3 spear
rCold    . . .     Gourm    .   k - +2 buckler
rNeg     . . .     Faith    .   a - +0 robe
rPois    .         Spirit   .   (no helmet)
rElec    .         Reflect  .   c - +0 cloak
rCorr    +         Harm     .   (no gloves)
MR       .....                  (no boots)
Stlth    ++........             (no amulet)
HPRegen  0.13/turn              d - ring of resist corrosion
MPRegen  0.13/turn              (no ring)

@: mighty, lethally poisoned (0 -> -8), very slightly contaminated, hasted, very
quick
A: change form in water, swift swim, stealthy swim
a: no special abilities


You were on level 4 of the Dungeon.
You were not hungry.

You visited 1 branch of the dungeon, and saw 4 of its levels.

You collected 174 gold pieces.

Inventory:

Hand Weapons
 p - a +3 spear (weapon)
   (You took it off a gnoll on level 2 of the Dungeon)
Armour
 a - a +0 robe (worn)
 c - a +0 cloak (worn)
   (You took it off Crazy Yiuf on level 2 of the Dungeon)
 k - a +2 buckler (worn)
   (You found it on level 2 of the Dungeon)
Jewellery
 d - a ring of resist corrosion (left hand)
   (You found it on level 3 of the Dungeon)
Scrolls
 b - 3 scrolls of magic mapping {unknown}
 f - 3 scrolls of identify {unknown}
 g - a scroll of teleportation {unknown}
 h - a scroll of noise {unknown}
 j - a scroll of enchant weapon {unknown}
 n - 2 scrolls of remove curse {unknown}
Potions
 m - a potion of degeneration {!q}
Comestibles
 e - 7 rations {!d}
 q - 3 chunks of flesh


   Skills:
 - Level 2.6 Dodging
 - Level 2.1 Stealth
 + Level 2.9 Shields
 + Level 4.1 Spellcasting
 + Level 1.6 Conjurations
 + Level 5.4 Ice Magic


You had 6 spell levels left.
You knew the following spells:

 Your Spells              Type           Power        Failure   Level  Hunger
a - Freeze                Ice            ###.         2%          1    None
c - Throw Icicle          Conj/Ice       ##......     47%         4    ####...
x - Throw Frost           Conj/Ice       ##....       9%          2    ##.....

Your spell library contained the following spells:

 Spells                   Type           Power        Failure   Level  Hunger
 Ozocubu's Armour         Chrm/Ice       #.......     22%         3    ###....
 Summon Ice Beast         Ice/Summ       #.......     58%         4    ####...


Dungeon Overview and Level Annotations

Branches:
Dungeon (4/15)
 Temple: D:4-7

Altars:
Fedhas
Makhleb
Wu Jian


Message History

You feel sick.
You start resting.
The hound is too close now for your liking.
Attack whom?
Aim: a hound You reach to attack!
You barely miss the hound.
You feel sick. The hound bites you.
* * * LOW HITPOINT WARNING * * *
Aim: a hound You freeze the hound!
You block the hound's attack.
Aim: a hound (heavily wounded)
You miscast Freeze.
Nothing appears to happen.
You feel sick. You block the hound's attack. The hound closely misses you.
Aim: a hound (heavily wounded)
You freeze the hound.
You feel sick. The hound bites you.
* * * LOW HITPOINT WARNING * * *
Aim: a hound (heavily wounded)
You freeze the hound. The hound bites you.
* * * LOW HITPOINT WARNING * * *
The hound closely misses you.
Aim: a hound (severely wounded)
You freeze the hound!
You kill the hound!
Aim: a worker ant You freeze the worker ant!
You feel sick. You block the worker ant's attack.
Aim: a worker ant (heavily wounded)
You freeze the worker ant. The worker ant bites you.
* * * LOW HITPOINT WARNING * * *
You closely miss the worker ant.
You feel sick. You block the worker ant's attack. The worker ant bites you.
* * * LOW HITPOINT WARNING * * *
It was a potion of might.
You feel very mighty all of a sudden. The worker ant bites you.
* * * LOW HITPOINT WARNING * * *
You are more poisoned.
The worker ant poisons you!
It was a potion of degeneration.
There was something very wrong with that liquid.
You feel weakened.
You feel dopey.
You feel clumsy.
* * * LOW HITPOINT WARNING * * *
You feel sick.
The worker ant bites you but does no damage.
You feel mightier all of a sudden.
* * * LOW HITPOINT WARNING * * *
You feel sick. The worker ant misses you.
It was a potion of magic.
Magic courses through your body. The worker ant barely misses you.
The worker ant misses you.
It was a potion of haste.
You feel yourself speed up.
You die...

....... ....... .......
......
##+##+##########.. .
#..............+.. ..
#..............#.. ..a
#..............#.. ....
#@.............#..
.8.8.##a##...##...#....
.........#'############
.........#....#
..%.#....#....# ..)
#h...##..## ..
#.....#### . ......#
.......#


You could see a worker ant.

Vanquished Creatures
  A scorpion (D:4)
  2 orc wizards (D:3)
  Crazy Yiuf (D:2)
  3 orc priests
  2 hounds
  An adder (D:3)
  3 gnolls
  A worm (D:3)
  A dart slug (D:2)
  4 leopard geckos
  9 orcs (D:3)
  4 giant cockroaches
  6 goblins
  7 hobgoblins
  2 jackals (D:1)
  7 kobolds
  A quokka (D:2)
  5 bats
  A frilled lizard (D:1)
  6 rats
67 creatures vanquished.

Notes
Turn   | Place    | Note
-------+----------+-------------------------------------------
     0 | D:1      | MalarOregon the Merfolk Ice Elementalist began the quest
                  | for the Orb.
     0 | D:1      | Reached XP level 1. HP: 13/13 MP: 3/3
   228 | D:1      | Reached XP level 2. HP: 19/19 MP: 0/5
   848 | D:1      | Reached XP level 3. HP: 24/24 MP: 4/6
   880 | D:1      | Reached skill level 4 in Ice Magic
  1586 | D:2      | Found a runed translucent door.
  1587 | D:2      | Noticed Crazy Yiuf
  1928 | D:2      | Found an ornate altar of the Wu Jian Council.
  2029 | D:2      | Found a blossoming altar of Fedhas.
  2250 | D:2      | Killed Crazy Yiuf
  2250 | D:2      | Reached skill level 1 in Shields
  2250 | D:2      | Reached XP level 4. HP: 17/30 MP: 2/8
  2618 | D:3      | Reached XP level 5. HP: 18/35 MP: 3/10
  3067 | D:3      | Reached skill level 5 in Ice Magic
  3173 | D:3      | Learned a level 2 spell: Throw Frost
  3178 | D:3      | Learned a level 4 spell: Throw Icicle
  3551 | D:3      | Reached skill level 1 in Conjurations
  3551 | D:3      | Reached XP level 6. HP: 37/41 MP: 2/11
  3701 | D:3      | Found a burning altar of Makhleb.
  4187 | D:4      | HP: 2/41 [worker ant (1)]
  4191 | D:4      | Succumbed to a worker ant's poison

Levels and vault maps discovered:
D:1:      sevenhm_arrival_forest_fort_large_4, layout_basic
D:2:      layout_loops_ring, marbit_many_paths, lemuel_crystal_altar,
          uniq_crazy_yiuf_cottage
D:3:      layout_loops_cross, makhleb_blood_cavern_becter, first_ration
D:4:      layout_gridville, eat_drink_and_be_merry_uskayaw, old_standard_altar,
          minmay_temple_entry_glassed_door, kennysheep_cluttered_room,
          uniq_edmund

Skill      XL: |  1  2  3  4  5  6 |
---------------+-------------------+-----
Ice Magic      | 4 5 |  5.4
Shields        | 1 2 |  2.9
Spellcasting   | 3 4 |  4.1
Conjurations   | 1 |  1.6
Dodging        | |  2.6
Stealth        | |  2.1

Action                   |  1- 3 |  4- 6 || total
-------------------------+-------+-------++-------
Melee: Spear             |    40 |    46 ||    86
 Cast: Freeze            |    59 |    63 ||   122
       Throw Frost       |       |     4 ||     4
  Use: Potion            |       |     5 ||     5
 Stab: Sleeping          |     7 |     7 ||    14
  Eat: Chunk             |     5 |     6 ||    11
Armor: Robe              |     4 |    11 ||    15
Dodge: Dodged            |    39 |    29 ||    68
Block: Buckler           |     2 |    18 ||    20

Table legend:
 A = Non-vault XP
 B = Vault XP
 C = Vault XP percentage of total XP
 D = Non-vault monster count
 E = Vault monster count
 F = Vault count percentage of total count
                 A         B        C        D         E       F
            +---------+---------+-------+---------+---------+-------
      Total |     487 |      82 |  14.4 |      64 |       3 |   4.5
            +---------+---------+-------+---------+---------+-------
        D:1 |      42 |       0 |   0.0 |      24 |       0 |   0.0
        D:2 |      80 |      42 |  34.4 |      14 |       2 |  12.5
        D:3 |     253 |      40 |  13.7 |      24 |       1 |   4.0
        D:4 |     112 |       0 |   0.0 |       2 |       0 |   0.0
            +---------+---------+-------+---------+---------+-------
